 Dungeon Sprint DCSS version 0.21-a0-414-gba8bdf1 (webtiles) character file.

20552 Kidiri the Fighter (level 12, -27/115 HPs)
             Began as a Grey Draconian Transmuter on Nov 2, 2017.
             Was the Champion of Qazlal.
             Killed from afar by a fire giant (54 damage)
             ... with a fireball
             ... in the Dungeon (Sprint IX: "|||||||||||||||||||||||||||||").
             The game lasted 00:12:27 (2623 turns).

Kidiri the Fighter (Grey Draconian Transmuter)      Turns: 2623, Time: 00:12:28

Health: -27/115    AC: 16    Str: 22    XL:     12   Next: 46%
Magic:  28/36      EV: 20    Int: 15    God:    Qazlal [******]
Gold:   763        SH:  8    Dex: 15    Spells: 19/34 levels left

rFire    + . .     SeeInvis .     - Unarmed
rCold    . . .     Gourm    .   (shield currently unavailable)
rNeg     . . .     Faith    .   (armour unavailable)
rPois    +         Spirit   .   e - +2 hat of Gravity {MR+ MP+9 Str+3}
rElec    .         Reflect  .   u - +0 cloak {rPois}
rCorr    .         Harm     .   (gloves currently unavailable)
MR       +....     NoTele   +   (no boots)
Stlth    +.........             (no amulet)
HPRegen  0.29/turn              q - +3 ring of strength
MPRegen  0.25/turn              r - +3 ring of strength

@: blade hands (expiring), protected from fire, repel missiles
A: walk through water, unfitting armour, antennae 1, hooves 1, stinger 1,
unbreathing, cold-blooded, AC +13
a: End Transformation, Upheaval, Elemental Force, Disaster Area, Renounce
Religion


You were in the Dungeon.
You worshipped Qazlal.
Qazlal was exalted by your worship.
You were very full.
You had blades for hands.
You visited 1 branch You collected 1914 gold pieces.
You spent 1151 gold pieces at shops.

Inventory:

Missiles
 a - 23 arrows
 j - 6 stones (quivered)
Armour
 e - the +2 hat of Gravity (worn) {MR+ MP+9 Str+3}
   (You bought it in a shop in the Dungeon)

   It affects your strength (+3).
   It affects your resistance to hostile enchantments.
   It affects your magic capacity (+9).
 o - a +0 pair of gloves (melded)
 u - a +0 cloak of poison resistance (worn)
Jewellery
 q - a +3 ring of strength (left scythe-like blade)
 r - a +3 ring of strength (right scythe-like blade)
 x - an uncursed ring of fire
 y - an uncursed ring of protection from magic
 z - an uncursed ring of protection from cold
Wands
 n - a wand of iceblast (7/15)
Scrolls
 h - 2 scrolls of identify
 i - 4 scrolls of blinking
 l - 7 scrolls of remove curse
 m - 2 scrolls of amnesia
 s - 2 scrolls of fear
 t - 4 scrolls of fog
 B - 2 scrolls of enchant armour
 C - 2 scrolls of enchant weapon
Potions
 d - a potion of invisibility
 f - 7 potions of haste
 g - 4 potions of magic
 k - 4 potions of curing
 p - a potion of might
 A - 2 potions of heal wounds
Books
 b - a book of Changes

   Spells                             Type                      Level
   a - Beastly Appendage              Transmutation                1
   b - Sticks to Snakes               Transmutation                2
   c - Spider Form                    Transmutation/Poison         3
   d - Ice Form                       Ice/Transmutation            4
   e - Blade Hands                    Transmutation                5
Comestibles
 c - 13 bread rations
 v - 29 fruits
 w - 12 meat rations
 D - 4 chunks of flesh


   Skills:
 * Level 13.6 Fighting
 + Level 8.0 Throwing
 * Level 11.7 Dodging
 + Level 7.6 Stealth
 * Level 12.8 Unarmed Combat
 * Level 11.8 Spellcasting
 + Level 9.1 Transmutations
 + Level 7.2 Ice Magic
 + Level 8.5 Poison Magic
 + Level 9.6 Invocations
 + Level 7.5 Evocations


You had 19 spell levels left.
You knew the following spells:

 Your Spells              Type           Power        Failure   Level  Hunger
a - Beastly Appendage     Tmut           #####.       9%          1    None
b - Sticks to Snakes      Tmut           #####...     10%         2    None
c - Spider Form           Tmut/Pois      #####.....   13%         3    None
d - Ice Form              Ice/Tmut       ####....     24%         4    ###....
e - Blade Hands           Tmut           #####.....   32%         5    #####..


Dungeon Overview and Level Annotations

Branches:
Dungeon (1/1)

Altars:
Cheibriados
Dithmenos
Elyvilon
Fedhas
Gozag
Hepliaklqana
Kikubaaqudgha
Makhleb
Nemelex Xobeh
Okawaru
Qazlal
Ru
Sif Muna
Trog
Uskayaw
Vehumet
Wu Jian
Xom
Yredelemnul
Zin
The Shining One
Beogh
Jiyva
Lugonu

Shops:
D ?[([


Innate Abilities, Weirdness & Mutations

You can walk through water.
Your dull iron-grey scales are very hard. (AC +13)
You cannot fit into any form of body armour.
You can survive without breathing.
You are cold-blooded and may be slowed by cold attacks.
You have a pair of small antennae on your head.
You have large cloven feet.
Your tail ends in a poisonous barb.


Message History

Your transformation is almost over.
You block the deep troll earth mage's attack. x2
The deep troll earth mage claws you!
* * * LOW HITPOINT WARNING * * *
You hit the deep troll earth mage but do no damage.
You kick the deep troll earth mage.
The deep troll earth mage is almost dead.
You block the deep troll earth mage's attack.
The deep troll earth mage claws you.
* * * LOW HITPOINT WARNING * * *
You block the deep troll earth mage's attack.
You slash the deep troll earth mage!
You kill the deep troll earth mage!
Qazlal accepts your kill.
Your Throwing skill increases to level 8!
The fire giant gestures at you while chanting.
The fireball explodes!
The fireball engulfs you!
Your resistance to physical damage fades away.
You feel protected from fire.
You die...

▓.▓.▓.▓.▓.▓.▓
▓.▓.▓'▓.▓.▓.▓.▓
▓.▓.▓(▓.▓.▓.▓.▓
▓)▓.▓)▓.▓∩▓.▓.▓
▓'▓.▓?▓(▓.▓.▓.▓
▓.▓.▓.▓(▓∩▓.▓.▓
▓.▓.▓.▓(▓.▓.▓C▓
▓[▓.▓.▓.▓∩▓.▓)▓
▓.▓.▓.▓.▓.▓.▓@▓
▓.▓.▓.▓(▓∩▓.▓%▓
▓)▓.▓.▓.▓)▓.▓.▓
▓|▓.▓.▓)▓.▓.▓.▓
▓.▓.▓.▓.▓.▓.▓.▓
▓.▓.▓÷▓.▓)▓.▓'▓
▓'▓.▓'▓.▓.▓.▓.▓
▓_▓.▓.▓.▓)▓.▓.▓
▓_▓.▓.▓.▓.▓.▓.▓


You could see a fire giant.

Vanquished Creatures
  A fire giant (D)
  An ettin (D)
  3 hydras (D)
  A centaur warrior (D)
  A death knight (D)
  6 two-headed ogres (D)
  4 ogre magi (D)
  A deep troll earth mage (D)
  A wizard (D)
  An orc knight (D)
  A manticore (D)
  2 ugly things (D)
  Joseph (D)
  Psyche (D)
  2 komodo dragons (D)
  4 polar bears (D)
  A slime creature (D)
  A hippogriff (D)
  2 yaks (D)
  12 orc warriors (D)
  A water moccasin (D)
  2 porcupines (D)
  8 ogres (D)
  4 black bears (D)
  4 crocodiles (D)
  6 bullfrogs (D)
  A howler monkey (D)
  2 crimson imps (D)
  A quasit (D)
  5 orc priests (D)
  4 orc wizards (D)
  A worker ant (D)
  An adder skeleton (D)
  2 adder zombies (D)
  4 orcs (D)
  A bat (D)
  A bat skeleton (D)
  2 bat zombies (D)
  A giant cockroach (D)
  3 kobolds (D)
  A rat (D)
102 creatures vanquished.

Notes
Turn   | Place    | Note
-------+----------+-------------------------------------------
     0 | D        | Kidiri the Draconian Transmuter began the quest for the Orb.
     0 | D        | Reached XP level 1. HP: 16/16 MP: 3/3
    15 | D        | Reached skill level 2 in Fighting
   131 | D        | Noticed a quasit
   152 | D        | Killed a quasit
   152 | D        | Reached skill level 3 in Fighting
   152 | D        | Reached skill level 1 in Throwing
   152 | D        | Reached XP level 2. HP: 24/26 MP: 3/6
   152 | D        | Reached XP level 3. HP: 29/31 MP: 3/7
   173 | D        | Found a roughly hewn altar of Beogh.
   173 | D        | Found a snail-covered altar of Cheibriados.
   173 | D        | Found a shadowy altar of Dithmenos.
   173 | D        | Found a white marble altar of Elyvilon.
   173 | D        | Found a blossoming altar of Fedhas.
   173 | D        | Found an opulent altar of Gozag.
   174 | D        | Found a hazy altar of Hepliaklqana.
   175 | D        | Found a viscous altar of Jiyva.
   176 | D        | Found an ancient bone altar of Kikubaaqudgha.
   177 | D        | Found a corrupted altar of Lugonu.
   178 | D        | Found a burning altar of Makhleb.
   179 | D        | Found a sparkling altar of Nemelex Xobeh.
   180 | D        | Found an iron altar of Okawaru.
   181 | D        | Found a stormy altar of Qazlal.
   182 | D        | Found a sacrificial altar of Ru.
   183 | D        | Found a deep blue altar of Sif Muna.
   184 | D        | Found a bloodstained altar of Trog.
   185 | D        | Found a hide-covered altar of Uskayaw.
   186 | D        | Found a radiant altar of Vehumet.
   187 | D        | Found an ornate altar of the Wu Jian Council.
   188 | D        | Found a shimmering altar of Xom.
   189 | D        | Became a worshipper of Qazlal Stormbringer
   190 | D        | Found a basalt altar of Yredelemnul.
   191 | D        | Found a glowing silver altar of Zin.
   192 | D        | Found a glowing golden altar of the Shining One.
   333 | D        | Learned a level 2 spell: Sticks to Snakes
   337 | D        | Learned a level 3 spell: Spider Form
   564 | D        | Noticed a two-headed ogre
   564 | D        | Noticed an ogre
   564 | D        | Noticed a bullfrog
   569 | D        | Killed a bullfrog
   569 | D        | Reached skill level 4 in Fighting
   569 | D        | Reached skill level 1 in Poison Magic
   569 | D        | Reached skill level 1 in Invocations
   569 | D        | Reached XP level 4. HP: 40/41 MP: 5/10
   573 | D        | Reached skill level 5 in Unarmed Combat
   579 | D        | Killed an ogre
   579 | D        | Reached * piety under Qazlal
   579 | D        | Reached skill level 5 in Fighting
   579 | D        | Reached XP level 5. HP: 47/48 MP: 3/12
   588 | D        | Killed a two-headed ogre
   588 | D        | Reached skill level 7 in Fighting
   588 | D        | Reached skill level 5 in Transmutations
   588 | D        | Reached XP level 6. HP: 23/61 MP: 4/15
   588 | D        | Your scales start taking on a dull iron-grey colour.
   588 | D        | Reached XP level 7. HP: 25/67 MP: 4/17
   588 | D        | Gained mutation: You can survive without breathing. [Grey Draconian growth]
   792 | D        | Reached ** piety under Qazlal
   799 | D        | Learned a level 4 spell: Ice Form
   805 | D        | Learned a level 5 spell: Blade Hands
   811 | D        | Noticed a slime creature
   811 | D        | Noticed a purple ugly thing
   811 | D        | Noticed a centaur warrior
   814 | D        | Killed a centaur warrior
   814 | D        | Reached skill level 8 in Fighting
   814 | D        | Reached skill level 1 in Stealth
   814 | D        | Reached skill level 1 in Ice Magic
   814 | D        | Reached skill level 5 in Invocations
   814 | D        | Reached skill level 1 in Evocations
   814 | D        | Reached XP level 8. HP: 58/75 MP: 13/19
   820 | D        | Killed a purple ugly thing
   824 | D        | Killed a slime creature
   824 | D        | Reached *** piety under Qazlal
   824 | D        | Reached skill level 9 in Fighting
   824 | D        | Reached skill level 5 in Poison Magic
   824 | D        | Reached XP level 9. HP: 64/83 MP: 14/20
   835 | D        | Reached skill level 5 in Throwing
   851 | D        | Gained mutation: You possess an exceptional clarity of mind. [mutagenic meat]
   853 | D        | Gained mutation: You have a pair of small horns on your head. [mutagenic meat]
   854 | D        | Gained mutation: Your spells are a little harder to cast, but a little more powerful. [mutagenic meat]
  1137 | D        | Lost mutation: You have a pair of small horns on your head. [potion of mutation]
  1137 | D        | Lost mutation: You possess an exceptional clarity of mind. [potion of mutation]
  1137 | D        | Lost mutation: Your spells are a little harder to cast, but a little more powerful. [potion of mutation]
  1137 | D        | Gained mutation: Your tail ends in a poisonous barb. [potion of mutation]
  1137 | D        | Gained mutation: You have large cloven feet. [potion of mutation]
  1137 | D        | Gained mutation: You have a pair of small antennae on your head. [potion of mutation]
  1167 | D        | Reached **** piety under Qazlal
  1180 | D        | Reached ***** piety under Qazlal
  1266 | D        | Noticed a komodo dragon
  1266 | D        | Noticed a five-headed hydra
  1266 | D        | Noticed a five-headed hydra
  1266 | D        | Noticed a komodo dragon
  1271 | D        | Killed a komodo dragon
  1273 | D        | Killed a six-headed hydra
  1273 | D        | Reached skill level 10 in Fighting
  1273 | D        | Reached XP level 10. HP: 89/93 MP: 5/22
  1274 | D        | Killed a six-headed hydra
  1274 | D        | Reached skill level 10 in Unarmed Combat
  1487 | D        | Reached ****** piety under Qazlal
  1487 | D        | Reached skill level 5 in Stealth
  1487 | D        | Reached skill level 5 in Evocations
  1489 | D        | Reached skill level 11 in Fighting
  1567 | D        | Noticed Joseph
  1577 | D        | Killed Joseph
  1596 | D        | Noticed Psyche
  1602 | D        | Killed Psyche
  1685 | D        | Reached skill level 5 in Ice Magic
  1859 | D        | Reached skill level 10 in Dodging
  1861 | D        | Reached XP level 11. HP: 93/102 MP: 18/24
  1861 | D        | Reached skill level 10 in Spellcasting
  1863 | D        | Noticed an orc knight
  1876 | D        | Killed an orc knight
  1974 | D        | Found Iding's Armour Boutique.
  1974 | D        | Noticed a two-headed ogre
  1975 | D        | Noticed an ogre mage
  1976 | D        | Killed a two-headed ogre
  1977 | D        | Noticed an ogre mage
  1978 | D        | Found Yppo's Weapon Shop.
  1978 | D        | Noticed a two-headed ogre
  1980 | D        | Found Afimaidghasa's Antique Armour Boutique.
  1981 | D        | Noticed a two-headed ogre
  1982 | D        | Killed an ogre mage
  1982 | D        | Reached skill level 12 in Fighting
  1986 | D        | Noticed a two-headed ogre
  1989 | D        | Killed an ogre mage
  1992 | D        | Killed a two-headed ogre
  1994 | D        | Killed a two-headed ogre
  1996 | D        | Killed a two-headed ogre
  2011 | D        | Found Ykan Logg's Magic Scroll Shop.
  2025 | D        | Noticed a two-headed ogre
  2082 | D        | Killed a two-headed ogre
  2395 | D        | Bought the +2 hat of Gravity {MR+ MP+9 Str+3} for 673 gold pieces
  2399 | D        | Bought a runed cloak for 142 gold pieces
  2416 | D        | Bought a scroll of remove curse for 42 gold pieces
  2416 | D        | Bought a scroll of fog for 28 gold pieces
  2416 | D        | Bought a scroll of fear for 49 gold pieces
  2416 | D        | Bought a scroll of identify for 28 gold pieces
  2416 | D        | Bought a scroll of remove curse for 42 gold pieces
  2416 | D        | Bought a scroll of blinking for 105 gold pieces
  2416 | D        | Bought a scroll of remove curse for 42 gold pieces
  2573 | D        | Noticed an ogre mage
  2573 | D        | Noticed a seven-headed hydra
  2574 | D        | Killed a seven-headed hydra
  2579 | D        | Noticed a death knight
  2580 | D        | Noticed an ettin
  2582 | D        | Noticed a cyan ugly thing
  2583 | D        | Noticed a wizard
  2584 | D        | Noticed a fire giant
  2585 | D        | Killed an ogre mage
  2585 | D        | Reached skill level 13 in Fighting
  2585 | D        | Reached XP level 12. HP: 114/115 MP: 26/27
  2586 | D        | Noticed an ogre mage
  2587 | D        | Noticed a deep troll earth mage
  2589 | D        | Killed a death knight
  2592 | D        | Killed an ettin
  2594 | D        | Noticed a fire giant
  2607 | D        | Killed a fire giant
  2617 | D        | Killed an ogre mage
  2623 | D        | Killed a deep troll earth mage
  2623 | D        | Killed from afar by a fire giant

Vault maps used:
D:        linesprint

Skill      XL: |  1  2  3  4  5  6  7  8  9 10 11 12 |
---------------+-------------------------------------+-----
Dodging        | 3 4 6 7 9 10 11 | 11.7
Fighting       | 3 4 5 7 8 9 10 11 13 | 13.6
Throwing       | 1 2 4 5 6 7 8 |  8.0
Unarmed Combat | 4 5 7 8 9 10 12 | 12.8
Spellcasting   | 3 4 6 7 8 9 11 | 11.8
Transmutations | 3 4 5 6 7 8 9 |  9.1
Poison Magic   | 1 2 4 5 6 8 |  8.5
Invocations    | 1 2 4 5 6 7 9 |  9.6
Stealth        | 1 2 4 5 7 |  7.6
Ice Magic      | 1 2 3 5 6 7 |  7.2
Evocations     | 1 2 4 5 6 7 |  7.5

Action                   |  1- 3 |  4- 6 |  7- 9 | 10-12 || total
-------------------------+-------+-------+-------+-------++-------
Melee: Unarmed           |    47 |    13 |    56 |   168 ||   284
       Kick              |     3 |       |     9 |    56 ||    68
       Tailslap          |     2 |       |     3 |    18 ||    23
       Punch             |     1 |       |     2 |    12 ||    15
       Headbutt          |     1 |       |       |       ||     1
 Cast: Beastly Appendage |     3 |       |       |       ||     3
       Spider Form       |     1 |     1 |     1 |     1 ||     4
       Blade Hands       |       |       |     4 |     9 ||    13
       Ice Form          |       |       |     1 |       ||     1
Invok: Disaster Area     |       |       |     1 |     4 ||     5
       Upheaval          |       |       |     1 |     1 ||     2
  Use: Potion            |     2 |       |     2 |     5 ||     9
  Eat: Chunk             |       |       |     7 |     6 ||    13
       Fruit             |       |       |       |    11 ||    11
Armor: Skin              |    24 |       |     9 |    25 ||    58
Dodge: Dodged            |    62 |    12 |    20 |    64 ||   158
       Deflected         |       |       |       |     2 ||     2
Block: Other             |       |       |     4 |    46 ||    50

Table legend:
 A = Spawn XP
 B = Non-spawn XP
 C = Spawn XP percentage of total XP
 D = Spawn monster count
 E = Non-spawn monster count
 F = Spawn count percentage of total count
 G = Total turns spent on level
                    A         B        C        D         E        F      G
               +---------+---------+-------+---------+---------+-------+---------
         Total |       0 |   29361 |   0.0 |       0 |     102 |   0.0 |  2623
               +---------+---------+-------+---------+---------+-------+---------
             D |       0 |   29361 |   0.0 |       0 |     102 |   0.0 |  2623
               +---------+---------+-------+---------+---------+-------+---------
